 Dungeon Crawl Stone Soup version 0.27.1-33-g824d729ab1 (webtiles) character file.

Game seed: 16601854254345718558

63 Grim the Poker (level 4, -3/35 HPs)
             Began as a Formicid Fighter on Dec 20, 2021.
             Slain by Grinder (4 damage)
             ... on level 3 of the Dungeon.
             The game lasted 00:04:13 (2192 turns).

Grim the Poker (Formicid Fighter)                   Turns: 2192, Time: 00:04:14

Health: -3/35      AC:  6    Str: 21    XL:     4   Next: 31%
Magic:  4/4        EV:  8    Int:  7    God:
Gold:   101        SH:  9    Dex: 11    Spells: 3/3 levels left

rFire    . . .     SeeInvis +   a - +0 trident
rCold    . . .     Faith    .   c - +0 kite shield
rNeg     . . .     Spirit   .   b - +0 scale mail
rPois    .         Reflect  .   (helmet unavailable)
rElec    .         Harm     .   (no cloak)
rCorr    .         Rampage  .   (no gloves)
Will     .....                  (no boots)
Stlth    ..........             (no amulet)
HPRegen  0.11/turn              (no ring)
MPRegen  0.09/turn              (no ring)

@: no status effects
A: permanent stasis, dig shafts and tunnels, antennae 3, four strong arms
a: Dig, Shaft Self


You were on level 3 of the Dungeon.
You visited 1 branch of the dungeon, and saw 3 of its levels.

You collected 101 gold pieces.

Inventory:

Hand Weapons
 a - a +0 trident (weapon)
Armour
 b - a +0 scale mail (worn)
 c - a +0 kite shield (worn)
Scrolls
 f - a scroll of identify {unknown}
 h - a scroll of noise {unknown}
Potions
 d - a potion of invisibility {unknown}
 e - a potion of cancellation {unknown}
 g - a potion of attraction {unknown}
 i - a potion of lignification {unknown}


   Skills:
 - Level 3.2 Fighting
 + Level 4.2 Polearms
 - Level 3.2 Armour
 - Level 3.6 Shields


You had 3 spell levels left.
You didn't know any spells.
Your spell library contained the following spells:

 Spells                   Type           Power      Damage    Failure   Level
 Animate Skeleton         Necr           0%         N/A       99%         1
 Pain                     Necr           0%         1d4       99%         1
 Vampiric Draining        Necr           0%         2d6       100%        3


Dungeon Overview and Level Annotations

Branches:
Dungeon (3/15)

Altars:

Shops:
D:1 *

Annotations:
D:3 Grinder


Innate Abilities, Weirdness & Mutations

You cannot be hasted, slowed, berserked, paralysed or teleported.
You can dig through walls and to a lower floor.
You have a pair of large antennae on your head. (SInv)
Your four strong arms can wield two-handed weapons with a shield.


Message History

No target in view!
Grinder blinks!
Grinder hits you but does no damage.
There is a stone staircase leading down here.
You closely miss Grinder.
Grinder drinks a potion.
Grinder suddenly seems more resistant.
You puncture Grinder!
Grinder is lightly wounded.
Grinder hits you but does no damage.
You barely miss Grinder.
Grinder is lightly wounded.
Grinder barely misses you.
You hit Grinder.
Grinder is moderately wounded.
Grinder closely misses you. Grinder gestures at you.
Pain shoots through your body!
You puncture Grinder!
Grinder is heavily wounded.
Grinder hits you but does no damage.
You hit Grinder.
Grinder is heavily wounded.
Grinder hits you!
You writhe in agony.
You are too injured to fight recklessly!
You are too injured to fight recklessly!
You barely miss Grinder.
Grinder is heavily wounded.
Grinder hits you but does no damage. Grinder closely misses you.
You barely miss Grinder.
Grinder is heavily wounded.
Grinder hits you!
* * * LOW HITPOINT WARNING * * *
You writhe in agony.
* * * LOW HITPOINT WARNING * * *
You closely miss Grinder.
Grinder is heavily wounded.
Grinder hits you.
* * * LOW HITPOINT WARNING * * *
You writhe in agony.
You die...

####.#### #.###. ##.##
#.#.. #...# #.#.# # #...#
#.#.#.# #...# #.....#
#...# #...# #...#
####.####
#####†..#####.......##
..............@......#
..............5....#....
.............<........###
####.......###.......##
#.#...#.# #.......#
#.#...#.# #..###..# #
#...#.# #..#!#....
#...#.# #..###....


You could see Grinder (resistant).

Vanquished Creatures
  2 adders (D:2)
  2 worms
  4 bats
  2 endoplasms
  A giant cockroach (D:1)
  6 goblins
  4 hobgoblins
  4 jackals (D:1)
  4 kobolds
  A quokka (D:1)
  3 ball pythons
  2 frilled lizards
  A rat (D:2)
  A spectral hobgoblin (D:1)
37 creatures vanquished.

Notes
Turn   | Place    | Note
-------+----------+-------------------------------------------
     0 | D:1      | Grim the Formicid Fighter began the quest for the Orb.
     0 | D:1      | Reached XP level 1. HP: 18/18 MP: 1/1
    15 | D:1      | Found Muonisme's General Store.
    34 | D:1      | Reached XP level 2. HP: 15/24 MP: 2/2
    76 | D:1      | Reached skill level 3 in Polearms
   449 | D:1      | Reached XP level 3. HP: 29/29 MP: 3/3
   527 | D:1      | You fall into a shaft and drop 1 floor!
   669 | D:1      | Found a faded altar of an unknown god.
  1579 | D:2      | Reached skill level 4 in Polearms
  1579 | D:2      | Reached XP level 4. HP: 34/35 MP: 4/4
  2122 | D:3      | Noticed Grinder
  2192 | D:3      | HP: 1/35 [Grinder (4)]
  2192 | D:3      | Slain by Grinder

Illustrated notes

Levels and vault maps discovered:
D:1:      minmay_arrival_four_circles, layout_rooms,
          dreamdust_ecumenical_altar_drowned_temple, serial_shops, shop
D:2:      layout_loops_ring
D:3:      layout_loops_cross, minmay_misc_feat_tower, minivault_27,
          item_on_display_a, uniq_grinder

Skill      XL: |  1  2  3 |
---------------+----------+-----
Polearms       | 3 4 |  4.2
Fighting       | |  3.2
Armour         | |  3.2
Shields        | |  3.6

Action                   |  1- 3 |  4- 6 || total
-------------------------+-------+-------++-------
Melee: Trident           |   110 |    31 ||   141
 Abil: Dig               |     4 |       ||     4
  Use: Potion            |     1 |       ||     1
Armor: Scale mail        |    44 |     5 ||    49
Dodge: Dodged            |    40 |     7 ||    47
Block: Kite shield       |    58 |     8 ||    66
